 Dungeon Crawl Stone Soup version 0.30-a0-1161-g0704695555 (webtiles) character file.

Game seed: 6569953910517636815

17682 qeuew the Unseen (level 12, 0/51 HPs)
             Began as a Spriggan Enchanter on Apr 27, 2023.
             Was an Elder of Dithmenos.
             Slain by a blink frog (18 damage)
             ... on level 3 of the Lair of Beasts.
             The game lasted 00:26:13 (11879 turns).

qeuew the Unseen (Spriggan Enchanter)              Turns: 11879, Time: 00:26:13

Health: 0/51       AC:  4    Str:  4    XL:     12   Next: 21%
Magic:  17/25      EV: 27    Int: 18    God:    Dithmenos [****..]
Gold:   488        SH:  0    Dex: 19    Spells: 20/28 levels left

rFire   . . .        r - +2 short sword (speed)
rCold   . . .        (no shield)
rNeg    . . .        a - +0 troll leather armour
rPois   .            (helmet restricted)
rElec   .            (no cloak)
rCorr   .            (gloves unavailable)
SInv    +            (boots unavailable)
Will    ++...        (no amulet)
Stlth   +++++++++    h - +5 ring of evasion
HPRegen 1.08/turn    (no ring)
MPRegen 0.19/turn

%: no passive effects
@: very slightly contaminated, wreathed by umbra, very quick
A: very small, no large weapons, unfitting armour, see invisible, speed 3, horns
2, MP-powered wands
a: Renounce Religion, Shadow Step


You were on level 3 of the Lair of Beasts.
You worshipped Dithmenos.
Dithmenos was greatly pleased with you.
You visited 2 branches of the dungeon, and saw 11 of its levels.

You collected 488 gold pieces.

Inventory:

Hand Weapons
 l - a +2 dagger of venom
 r - a +2 short sword of speed (weapon)
Missiles
 p - 9 throwing nets
Armour
 a - a +0 troll leather armour (worn)
Jewellery
 h - a +5 ring of evasion (left hand)
Wands
 m - a wand of flame (15)
 n - a wand of mindburst (24)
 q - a wand of digging (1)
Scrolls
 d - 4 scrolls of enchant armour
 e - 2 scrolls of amnesia
 s - 4 scrolls of teleportation
 w - a scroll of fog
Potions
 b - 2 potions of resistance
 c - a potion of invisibility
 g - 5 potions of curing
 i - a potion of brilliance
 j - a potion of ambrosia
 k - 4 potions of haste
 t - a potion of magic
 u - a potion of cancellation
 v - a potion of flight


   Skills:
 * Level 10.7 Short Blades
 + Level 9.3 Dodging
 * Level 15.3 Stealth
 + Level 8.6 Spellcasting
 * Level 12.1 Hexes
 + Level 8.2 Evocations


You had 20 spell levels left.
You knew the following spells:

 Your Spells              Type           Power      Damage    Failure   Level
a - Ensorcelled Hibernat  Hex/Ice        58%        N/A       1%          2
b - Tukima's Dance        Hex            50%        N/A       1%          3
c - Confusing Touch       Hex            50%        N/A       1%          3

Your spell library contained the following spells:

 Spells                   Type           Power      Damage    Failure   Level
 Dazzling Flash           Conj/Hex       58%        N/A       4%          3
 Beastly Appendage        Tmut           14%        N/A       17%         1
 Passwall                 Tmut/Erth      5%         N/A       26%         2
 Wereblood                Tmut           7%         N/A       26%         2
 Call Canine Familiar     Summ           7%         N/A       45%         3
 Spider Form              Tmut/Pois      7%         N/A       45%         3
 Swiftness                Air            7%         N/A       45%         3
 Summon Lightning Spire   Summ/Air       7%         N/A       86%         4


Dungeon Overview and Level Annotations

Branches:
Dungeon (8/15)             Temple (0/1) D:6            Lair (3/5) D:8
 Shoals (0/4) Lair:2        Snake (0/4) Lair:3

Altars:
Dithmenos
Kikubaaqudgha
Xom
Zin
The Shining One

Annotations:
D:5 2 runed translucent doors, turtlewat's ghost, novice TrEE


Innate Abilities, Weirdness & Mutations

You are very small and have problems with some larger weapons.
You are too small for most types of armour.
You have supernaturally acute eyesight. (SInv)
You cover ground extremely quickly. (Speed+++)
You have a pair of horns on your head.
You expend magic power (3 MP) to strengthen your wands.


Message History

The blink frog is severely wounded.
You miss the blink frog. You headbutt the blink frog.
The blink frog is almost dead.
The blink frog barely misses you.
The blink frog blinks!
You are too injured to fight recklessly!
You are too injured to fight recklessly!
You are too injured to fight recklessly!
You are too injured to fight recklessly!
You are too injured to fight recklessly!
You are too injured to fight recklessly!
You are too injured to fight recklessly!
You are too injured to fight recklessly!
You are too injured to fight recklessly!
You are too injured to fight recklessly!
You are too injured to fight recklessly!
You are too injured to fight recklessly!
You hit the blink frog.
The blink frog is lightly wounded.
You closely miss the blink frog. Your headbutt misses the blink frog.
The blink frog is lightly wounded.
The blink frog blinks! x2
Unknown command.
Magic courses through your body.
The blink frog blinks!
The blink frog closely misses you.
Things that are here:
a black bear corpse; a water moccasin corpse
Aiming: Ensorcelled Hibernation (safe; 1% risk of failure)
Press: ? - help, Q - select action, (/) - cycle Shift-Dir - straight line, f/p - blink frog
Aim: a blink frog (translocational energy, umbra, chance to affect: 41%)
The blink frog resists with some effort.
The blink frog completely misses you.
Unknown command.
Aiming: Ensorcelled Hibernation (safe; 1% risk of failure)
Press: ? - help, Q - select action, (/) - cycle Shift-Dir - straight line, f/p - blink frog
Aim: a blink frog (umbra, chance to affect: 41%)
You miscast Ensorcelled Hibernation.
You are very lightly contaminated with residual magic.
Nothing appears to happen.
The blink frog completely misses you. The blink frog hits you!!
You die...

*,,,,,,,,,....#..................
**,,,,,*,,,#.....................
*,,,,,,,,,......................
*,,,,,,****,**#........######.#.
*,,,,,** *,*##...###.## *##.
*,,,,,,* ***#P.P##*#..# *,
**,,,,,** #..## *P.## *, *,,,,,,*
##.#**#..# *, *,,,,,,***
###@##.#..## *,
**,,,,,,,****#PF...F....# *,
**,,,,,***,*#P.........## *>
*,,,,,,,,,..............# **,
*,,,,,,,*..#.#..##......#******,,
**,,,,,,*.....$.,+ยง......,,**,,,,
*,,,,,,,,.......,,.......,,,,,,,,
**,,,,,,,.......,,F......,,,,,,,,
,*,,,,,,,,P.##.*+,..###.#,***,*,,


You could see 3 blink frogs.

Vanquished Creatures
  Harold (Lair:2)
  Amaemon (Lair:1)
  3 elephants (Lair:2)
  Maurice (D:8)
  An orange demon (Lair:1)
  A torpor snail (Lair:2)
  6 cane toads
  4 komodo dragons
  A troll (D:6)
  A polar bear (Lair:2)
  5 blink frogs (Lair:3)
  A snapping turtle (Lair:2)
  3 wyverns
  A wraith (D:7)
  27 yaks
  2 basilisks (D:8)
  A steam dragon (Lair:2)
  8 water moccasins
  Duvessa (D:6)
  2 black bears
  3 orc warriors
  A swamp drake (D:8)
  An ice beast (D:6)
  3 sky beasts
  2 ogres
  A centaur (D:8)
  2 phantoms
  7 bullfrogs
  3 scorpions
  2 gnoll sergeants
  8 wights
  Dowan (D:6)
  12 killer bees
  2 electric eels (Lair:2)
  A jelly (D:5)
  2 orc priests
  12 hounds
  2 gnoll boudas
  7 iguanas
  6 orc wizards
  4 hell rats (Lair:2)
  28 gnolls
  5 adders
  3 shadow imps
  A white imp (D:6)
  An ufetubus (D:8)
  3 worms
  2 dart slugs (D:3)
  22 orcs
  5 endoplasms
  3 giant cockroaches
  9 goblins
  4 hobgoblins
  9 jackals
  3 quokkas
  7 ball pythons
  3 bats (D:1)
  4 frilled lizards
  8 kobolds
  5 rats
278 creatures vanquished.

Vanquished Creatures (collateral kills)
  A wight (D:7)
  An orc (D:7)
2 creatures vanquished.

Vanquished Creatures (others)
  4 bushes (Lair:2)
  43 fungi
  105 plants
152 creatures vanquished.

Grand Total: 432 creatures vanquished

Notes
Turn   | Place    | Note
-------+----------+-------------------------------------------
     0 | D:1      | qeuew the Spriggan Enchanter began the quest for the Orb.
     0 | D:1      | Reached XP level 1. HP: 9/9 MP: 5/5
   159 | D:1      | Reached XP level 2. HP: 5/13 MP: 6/6
   176 | D:1      | Learned a level 2 spell: Ensorcelled Hibernation
   814 | D:1      | Reached skill level 5 in Stealth
   844 | D:1      | Reached XP level 3. HP: 16/16 MP: 0/8
  1934 | D:2      | Found a faded altar of an unknown god.
  2104 | D:3      | Reached XP level 4. HP: 21/21 MP: 9/9
  2145 | D:3      | Got the Writings on Accompaniment
  2773 | D:4      | Noticed an ogre
  2776 | D:4      | Noticed a scorpion
  2782 | D:4      | Killed a scorpion
  2783 | D:4      | Reached XP level 5. HP: 24/24 MP: 5/10
  2794 | D:4      | Killed an ogre
  2795 | D:4      | Reached skill level 6 in Stealth
  2795 | D:4      | Reached skill level 5 in Hexes
  2902 | D:4      | Reached XP level 6. HP: 28/28 MP: 9/12
  3350 | D:4      | Reached skill level 7 in Stealth
  3842 | D:4      | Gained mutation: You expend magic power (3 MP) to
                  | strengthen your wands. [potion of mutation]
  3842 | D:4      | Gained mutation: You have a pair of small horns on your
                  | head. [potion of mutation]
  3842 | D:4      | Gained mutation: You have a pair of horns on your head.
                  | [potion of mutation]
  3883 | D:5      | Entered Level 5 of the Dungeon
  3928 | D:5      | Reached XP level 7. HP: 28/32 MP: 10/13
  3956 | D:5      | Learned a level 3 spell: Tukima's Dance
  3960 | D:5      | Learned a level 3 spell: Confusing Touch
  4063 | D:5      | Found a shadowy altar of Dithmenos.
  4096 | D:5      | Became a worshipper of Dithmenos the Shadowed
  4251 | D:5      | Reached skill level 1 in Evocations
  4418 | D:5      | Found a runed translucent door.
  4424 | D:5      | Noticed turtlewat's ghost (novice TrEE)
  4493 | D:5      | Found an ancient bone altar of Kikubaaqudgha.
  4645 | D:5      | Reached skill level 8 in Stealth
  4649 | D:5      | Reached skill level 5 in Short Blades
  4862 | D:5      | Found a runed translucent door.
  5047 | D:6      | Noticed a troll
  5049 | D:6      | Found a glowing golden altar of the Shining One.
  5054 | D:6      | Noticed Dowan
  5067 | D:6      | Killed a troll
  5068 | D:6      | Reached XP level 8. HP: 14/36 MP: 5/15
  5097 | D:6      | Killed Dowan
  5098 | D:6      | Reached skill level 5 in Dodging
  5311 | D:6      | Found a shimmering altar of Xom.
  5345 | D:6      | Reached skill level 9 in Stealth
  5373 | D:6      | Reached * piety under Dithmenos
  5531 | D:6      | Found a staircase to the Ecumenical Temple.
  5551 | D:6      | Reached skill level 5 in Spellcasting
  5918 | D:6      | You fall into a shaft and drop 1 floor!
  6151 | D:7      | Reached XP level 9. HP: 39/39 MP: 12/17
  6179 | D:7      | Reached skill level 10 in Stealth
  6449 | D:7      | Reached ** piety under Dithmenos
  6744 | D:7      | Reached skill level 11 in Stealth
  7181 | D:6      | Noticed Duvessa
  7200 | D:6      | Killed Duvessa
  7255 | D:6      | Found a glowing silver altar of Zin.
  7255 | D:6      | Noticed an angel
  7345 | D:6      | Reached skill level 5 in Evocations
  7820 | D:8      | Reached XP level 10. HP: 34/44 MP: 0/20
  8301 | D:8      | Reached *** piety under Dithmenos
  8302 | D:8      | Reached skill level 12 in Stealth
  8583 | D:8      | Noticed Maurice
  8586 | D:8      | Killed Maurice
  8834 | D:8      | Reached skill level 10 in Hexes
  8867 | D:8      | Found a staircase to the Lair.
  9218 | Lair:1   | Entered Level 1 of the Lair of Beasts
  9229 | Lair:1   | Noticed a cane toad
  9235 | Lair:1   | Killed a cane toad
  9236 | Lair:1   | Reached skill level 13 in Stealth
  9364 | Lair:1   | Noticed a cane toad
  9369 | Lair:1   | Killed a cane toad
  9370 | Lair:1   | Reached XP level 11. HP: 47/47 MP: 21/23
  9799 | Lair:1   | Noticed Amaemon
 10162 | Lair:1   | Killed Amaemon
 10320 | Lair:2   | Reached **** piety under Dithmenos
 10388 | Lair:2   | Reached skill level 14 in Stealth
 10682 | Lair:2   | Reached skill level 10 in Short Blades
 10974 | Lair:2   | Found a staircase to the Shoals.
 11106 | Lair:2   | Noticed Harold
 11113 | Lair:2   | Killed Harold
 11268 | Lair:2   | Reached XP level 12. HP: 40/51 MP: 5/25
 11291 | Lair:2   | Reached skill level 15 in Stealth
 11879 | Lair:3   | Slain by a blink frog

Illustrated notes

Levels and vault maps discovered:
D:1:      spicycebolla_green_bress_n_ham_2, layout_basic, grunt_decor_fettered
D:2:      layout_basic, shapermc_ecumenical_altar_mp_vishouse,
          minmay_misc_feat_pillars
D:3:      layout_loops_ring, corexii_leaking_fountain
D:4:      layout_basic, serial_bayou, serial_bayou_shore_a, serial_bayou_lake_a,
          serial_bayou_ford_a, serial_bayou_pond_c, serial_bayou_lagoon_a,
          serial_bayou_pond_b
D:5:      layout_gridville, nicolae_kikubaaqudgha_miasma_corner,
          kennysheep_mini, ebering_ghost_sewer_f
D:6:      layout_basic, zin_angel, mainiacjoe_overflow_catch_the_wave,
          minmay_temple_entry_wispy, uniq_duvessa
D:7:      layout_cave_pods
D:8:      layout_basic, erik_lair_dragon, serial_demonic, serial_demonic_f,
          serial_demonic_b, serial_demonic_g, serial_demonic_g, uniq_maurice
Lair:1:   layout_regular_city, fungi_pond_lemuel, lemuel_fruit_tree,
          uniq_amaemon
Lair:2:   layout_regular_city, minmay_shoals_entry_hut,
          nicolae_lair_grazing_beasts [nicolae_sub_lair_graze_edge,
          nicolae_sub_lair_graze_edge, nicolae_sub_lair_graze_edge,
          nicolae_sub_lair_graze_edge], grunt_megastairs_5,
          serial_bayou_shore_b, uniq_harold
Lair:3:   layout_chaotic_city, minmay_snake_entry_six_corridors,
          gauntlet_entry_generic

Skill      XL: |  1  2  3  4  5  6  7  8  9 10 11 12 |
---------------+-------------------------------------+-----
Hexes          | 4 5 6 7 9 10 11 12 | 12.1
Stealth        | 5 6 7 8 9 11 13 14 15 | 15.3
Short Blades   | 2 3 4 5 6 7 9 10 | 10.7
Dodging        | 3 4 5 6 7 9 |  9.3
Spellcasting   | 3 4 5 6 7 8 |  8.6
Evocations     | 2 3 5 6 7 8 |  8.2

Action                     |  1- 3 |  4- 6 |  7- 9 | 10-12 || total
---------------------------+-------+-------+-------+-------++-------
  Melee: Dagger            |   128 |   118 |       |       ||   246
         Punch             |     1 |       |     9 |     2 ||    12
         Short sword       |       |     2 |   378 |   331 ||   711
         Headbutt          |       |       |    96 |    74 ||   170
   Cast: Ensorcelled Hiber |     5 |    20 |    80 |   109 ||   214
         Confusing Touch   |       |       |     2 |     2 ||     4
         Tukima's Dance    |       |       |     4 |       ||     4
  Evoke: Wand              |       |       |       |     2 ||     2
    Use: Scroll            |     5 |     5 |     4 |     4 ||    18
         Potion            |     1 |     7 |     2 |     2 ||    12
   Stab: Sleeping          |    13 |    18 |    48 |    73 ||   152
         Distracted        |       |     2 |     3 |     3 ||     8
         Invisible         |       |       |     3 |       ||     3
         Confused          |       |       |     1 |     1 ||     2
 Armour: Robe              |     6 |     7 |     1 |       ||    14
         Troll leather arm |       |       |     9 |    11 ||    20
  Dodge: Dodged            |    79 |    84 |   295 |   241 ||   699

Table legend: (Time is in decaauts)
 A = Elapsed time spent in this place.
 B = Non-inter-level travel time spent in this place.
 C = Inter-level travel time spent in this place.
 D = Time resting spent in this place.
 E = Time spent auto-exploring this place.
 F = Levels seen in this place.
 G = Mean time per level.
                   A        B        C        D        E       F      G
               +--------+--------+--------+--------+--------+-----+--------+
         Total |   8415 |   8124 |    291 |     40 |   6322 |  11 |  765.0 |
       Dungeon |   6488 |   6260 |    228 |     40 |   4890 |   8 |  811.0 |
          Lair |   1927 |   1864 |     63 |      0 |   1431 |   3 |  642.3 |
               +--------+--------+--------+--------+--------+-----+--------+

Top non-repeatable levels by time:
  Lair:2: 1136 daAuts
     D:6: 1016 daAuts
     D:8: 965 daAuts
     D:7: 936 daAuts
     D:4: 889 daAuts
     D:5: 836 daAuts
     D:1: 819 daAuts
  Lair:1: 723 daAuts
     D:2: 617 daAuts
     D:3: 408 daAuts
  Lair:3: 67 daAuts
